 Dungeon Crawl Stone Soup version 0.20-a0-507-gc86f373 (webtiles) character file.

2389 kuniqs the Fighter (level 9, -7/75 HPs)
             Began as a Barachian Fighter on Jan 21, 2017.
             Killed from afar by Dowan (14 damage)
             ... with a shard of ice
             ... on level 6 of the Dungeon.
             The game lasted 00:14:29 (7248 turns).

kuniqs the Fighter (Barachian Fighter)              Turns: 7248, Time: 00:14:30

Health: -7/75      AC:  9    Str: 21    XL:     9   Next: 46%
Magic:  18/18      EV: 14    Int:  6    God:
Gold:   53         SH:  0    Dex: 12    Spells: 8/8 levels left

rFire    + . .     SeeInvis .   J - +2 great sword
rCold    . . .     Gourm    .   M - +1 ring mail {rPois}
rNeg     . . .     Faith    .   (shield currently unavailable)
rPois    +         Spirit   .   (no helmet)
rElec    .         Reflect  .   n - +0 cloak
rCorr    .         Harm     .   (no gloves)
MR       .....                  (no boots)
Stlth    +.........             r - amulet of rage
Regen    0.3/turn               v - ring of magical power
                                L - ring of protection from fire

@: mighty, very slightly contaminated, hasted, drained, quick
A: swims, slowness 1, strong legs 1
a: Hop, Evoke Berserk Rage


You were on level 6 of the Dungeon.
You were not hungry.

You visited 2 branches of the dungeon, and saw 7 of its levels.

You collected 224 gold pieces.
You spent 171 gold pieces at shops.

Inventory:

Hand Weapons
 a - a +0 war axe
 y - a +1 short sword of draining
 A - a +1 falchion of holy wrath
 J - a +2 great sword (weapon)
 K - a +1 halberd of flaming
Missiles
 D - 7 poisoned tomahawks (quivered)
Armour
 c - a +0 shield
 n - a +0 cloak (worn)
 M - a +1 ring mail of poison resistance (worn)
Jewellery
 r - an amulet of rage (around neck)
 v - a ring of magical power (right hand)
 L - a ring of protection from fire (left hand)
Wands
 g - a wand of paralysis (3/24)
 x - a wand of iceblast (0/15)
Scrolls
 m - 5 scrolls of identify {unknown}
 o - 2 scrolls of remove curse {@r2}
 p - 2 scrolls of fear
 q - 2 scrolls of immolation {unknown}
 s - a scroll of blinking {unknown}
 t - a scroll of noise {unknown}
 z - a scroll of enchant weapon {unknown}
 C - 2 scrolls of teleportation
 E - 2 scrolls of amnesia {unknown}
 F - a scroll of recharging {unknown}
 H - a scroll of random uselessness {unknown}
Potions
 b - a potion of brilliance {unknown}
 h - 2 potions of cure mutation {unknown}
 l - a potion of invisibility {unknown}
 u - a potion of haste
 w - a potion of flight {unknown}
 G - a potion of experience {unknown}
Books
 B - a book of Callings

   Spells                             Type                      Level
   a - Summon Small Mammal            Summoning                    1
   b - Call Imp                       Summoning                    2
   c - Call Canine Familiar           Summoning                    3
   d - Summon Guardian Golem          Hexes/Summoning              3
   e - Summon Lightning Spire         Summoning/Air                4
   f - Summon Ice Beast               Ice/Summoning                4
Comestibles
 d - 3 bread rations
 e - 2 meat rations
 f - 4 fruits
 i - 2 chunks of flesh


   Skills:
 + Level 8.3(7.7) Fighting
 - Level 3.2(2.6) Axes
 + Level 8.1(7.4) Armour
 + Level 6.6(6.0) Dodging
 - Level 4.0(3.4) Shields


You had 8 spell levels left.
You didn't know any spells.

Dungeon Overview and Level Annotations

Branches:
Dungeon (6/15)             Temple (1/1) D:5

Altars:
Ashenzari
Dithmenos
Elyvilon
Fedhas
Gozag
Hepliaklqana
Kikubaaqudgha
Nemelex Xobeh
Okawaru
Qazlal
Ru
Sif Muna
Trog
Uskayaw
Vehumet
Yredelemnul
The Shining One

Shops:
D:5 %*!?

Annotations:
D:5 exclusion: statue
D:6 Dowan


Innate Abilities, Weirdness & Mutations

You can swim through water.
You cover ground slowly.
You can hop short distances.


Message History

Dowan gestures wildly while chanting.
Dowan blinks!
The orc wizard gestures wildly while chanting.
The orc wizard seems to speed up.
Items here: ( ))) [[ The orc wizard hits you but does no damage.
Things that are here:
a falchion; a robe You closely miss the orc wizard.
The orc wizard hits you with a dagger.
* * * LOW HITPOINT WARNING * * *
The orc wizard barely misses you.
You slash the orc wizard! The orc wizard casts a spell at you.
The magic dart hits you! The orc wizard hits you with a dagger.
* * * LOW HITPOINT WARNING * * *
You slash the orc wizard!
You kill the orc wizard!
Dowan casts a spell at you. The shard of ice hits you!
You die...

.. .. ..# ##.## # # #.#
#...##.# .... #.....
####.#######...
#.........##.### #.
#.##.)..).e.# #.
#.##)#)##@#....... #.
#....#.##)####.#..
#####.##[##.#.##......#
.........##.#.##........
#####.........##...####.
###.########...# #.##
#...# ######..# #...# #.
##.......# #...# ...


You could see Dowan.

Vanquished Creatures
  The ghost of KristoblXynda the Slasher, a novice DrGl of Ashenzari (D:6)
  Edmund (D:6)
  An orc warrior (D:5)
  A black bear (D:6)
  2 phantoms
  2 sky beasts
  A centaur (D:4)
  2 ogres
  3 scorpions
  5 wights (D:6)
  A crimson imp (D:5)
  A jelly (D:5)
  A hound (D:4)
  A centaur skeleton (D:5)
  5 orc wizards
  2 iguanas
  5 worker ants
  A killer bee zombie (D:5)
  A hound zombie (D:5)
  A hound skeleton (D:4)
  9 adders
  6 gnolls (D:5)
  An ooze (D:3)
  5 worms
  2 dart slugs
  3 leopard geckos
  15 orcs
  14 bats
  6 giant cockroaches
  9 goblins
  8 hobgoblins
  3 jackals (D:4)
  A quokka (D:4)
  4 frilled lizards
  8 kobolds
  9 rats
141 creatures vanquished.

Vanquished Creatures (others)
  Duvessa (D:6)
1 creature vanquished.

Grand Total: 142 creatures vanquished

Notes
Turn   | Place    | Note
-------+----------+-------------------------------------------
     0 | D:1      | kuniqs the Barachian Fighter began the quest for the Orb.
     0 | D:1      | Reached XP level 1. HP: 18/18 MP: 1/1
   134 | D:1      | Reached XP level 2. HP: 24/24 MP: 2/2
   416 | D:1      | Reached XP level 3. HP: 23/29 MP: 3/3
   874 | D:2      | Reached XP level 4. HP: 31/37 MP: 4/4
  1279 | D:2      | Found a basalt altar of Yredelemnul.
  1338 | D:2      | Found a white marble altar of Elyvilon.
  1946 | D:3      | Reached XP level 5. HP: 40/42 MP: 5/5
  2231 | D:3      | Found a blossoming altar of Fedhas.
  2580 | D:4      | Found a hide-covered altar of Uskayaw.
  2590 | D:4      | Reached skill level 1 in Dodging
  2689 | D:4      | Reached XP level 6. HP: 40/50 MP: 6/6
  2798 | D:4      | Reached skill level 5 in Fighting
  2813 | D:4      | Found a sparkling altar of Nemelex Xobeh.
  2852 | D:4      | Reached XP level 7. HP: 11/56 MP: 7/7
  3078 | D:4      | Found a blossoming altar of Fedhas.
  3132 | D:4      | Reached skill level 5 in Armour
  3751 | D:5      | Entered Level 5 of the Dungeon
  3751 | D:5      | Found Fumn's Magic Scroll Boutique.
  4522 | D:5      | Bought a scroll of teleportation for 45 gold pieces
  4604 | D:5      | Found a radiant altar of Vehumet.
  4613 | D:5      | Reached XP level 8. HP: 35/64 MP: 8/8
  5052 | D:5      | Found Fofioj's Distillery.
  5053 | D:5      | Found a staircase to the Ecumenical Temple.
  5060 | D:5      | Bought a potion of heal wounds for 60 gold pieces
  5060 | D:5      | Bought a potion of curing for 36 gold pieces
  5060 | D:5      | Bought a potion of mutation for 30 gold pieces
  5064 | Temple   | Entered the Ecumenical Temple
  5192 | D:5      | Found Tajeutum's General Store.
  5459 | D:5      | Found an ancient bone altar of Kikubaaqudgha.
  5712 | D:4      | Reached skill level 5 in Dodging
  5805 | D:5      | Found a shadowy altar of Dithmenos.
  5811 | D:5      | Found Uvetien's Food Shop.
  6188 | D:6      | Found a sparkling altar of Nemelex Xobeh.
  6293 | D:6      | Noticed KristoblXynda's ghost (novice DrGl)
  6482 | D:6      | Noticed Duvessa
  6489 | D:6      | Noticed Dowan
  6503 | D:6      | Killed Duvessa
  6534 | D:5      | HP: 1/67 [acid (7)]
  6539 | D:5      | Reached XP level 9. HP: 11/72 MP: 9/9
  6847 | D:6      | Killed KristoblXynda's ghost
  7184 | D:6      | Paralysed by a wight for 5 turns
  7210 | D:6      | Noticed Edmund
  7223 | D:6      | Killed Edmund
  7248 | D:6      | Killed from afar by Dowan

Vault maps used:
D:1:      dpeg_arrival_windows_large_door
D:2:      kennysheep_ying_yang
D:3:      lemuel_coloured_pillars_altar
D:4:      nemelex_altar_shiori, eat_drink_and_be_merry_uskayaw, first_bread,
          minmay_crystal_room, fedhas_bush_and_centaur_altar
D:5:      kiku_gazebo_pond_becter, kennysheep_mini, vehumet_statue,
          serial_shops, shop, nicolae_shop_trees, shop, shop_statue
D:6:      grunt_temple_overflow_order_and_chaos_1, basic_altar, uniq_duvessa,
          uniq_edmund
Temple:   nicolae_temple_figure_zero

Skill      XL: |  1  2  3  4  5  6  7  8  9 |
---------------+----------------------------+-----
Fighting       | 4 5 6 7 8 |  8.3
Axes           | 3 |  3.2
Shields        | 4 |  4.0
Dodging        | 2 3 4 5 6 |  6.6
Armour         | 4 6 7 8 |  8.1

Action                   |  1- 3 |  4- 6 |  7- 9 || total
-------------------------+-------+-------+-------++-------
Melee: War axe           |   108 |    70 |       ||   178
       Short sword       |       |   122 |   173 ||   295
       Falchion          |       |       |    38 ||    38
       Halberd           |       |       |    89 ||    89
       Great sword       |       |       |    75 ||    75
 Abil: Hop               |       |     2 |     2 ||     4
Evoke: Wand              |       |     1 |     1 ||     2
  Use: Scroll            |       |     3 |       ||     3
       Potion            |       |       |     8 ||     8
  Eat: Chunk             |       |     8 |     8 ||    16
       Royal jelly       |       |       |     2 ||     2
       Meat ration       |       |       |     1 ||     1
Armor: Scale mail        |    66 |   115 |   145 ||   326
       Leather armour    |    14 |       |       ||    14
       Ring mail         |       |       |    41 ||    41
       Plate armour      |       |       |    17 ||    17
Dodge: Dodged            |    61 |   107 |   237 ||   405
Block: Shield            |    32 |       |       ||    32
       Rpst.: Falchion   |       |       |     9 ||     9
       Great sword       |       |       |    20 ||    20
